AoeStats
← RyU_ASA

Arabia

508719664Analyzed
1v1 RM · 9d ago on Sep 23, 2026· 32m 46s· 2 players
Game mode
Random Map
Map size
Tiny (2 player)
Population
200
Speed
Normal
Resources
Standard
Victory
Conquest
Starting age
Dark Age
Ending age
Imperial Age
RankedLock teamsTeams togetherTeam positionsShared explorationLock speedFull tech treeHidden civsTurbo modeCheats
Victory
Defeat
🇺🇸 Slavs · United States
714
+15
🇹🇭 Vikings · Thailand
690
-20
RyU_ASA
13:17 Feudal Age
13:45 Double-Bit Axe
23:20 Horse Collar
27:58 Castle Age
DENON
4:12 Loom
10:27 Feudal Age
11:25 Double-Bit Axe
14:11 Horse Collar
14:58 Bloodlines
18:27 Forging
18:22 Scale Barding Armor
24:34 Castle Age
24:57 Pikeman
27:12 Husbandry
30:47 Squires
Connection lost

Rejoining the realm…

Still unreachable

The connection could not be restored.

Session expired

The server has moved on; the page needs a fresh start.